TOP OF THE 1ST |
Nashville Outlaws batting - Pitching for New Amsterdam Dutchmen : LHP Andrés Quezada
|
Pitching: LHP Andrés Quezada
|
|
Batting: LHB Bartolo Soto
|
0-0: Ball 1-0: Ball 2-0: Foul Ball, location: 2F 2-1: Foul Ball, location: 2F 2-2: SINGLE (Line Drive, 3D)
|
Pitching: RHP Juan Pérez
|
|
Batting: RHB Greg Schiff
|
0-0: Ball Bartolo Soto steals 2nd base 1-0: Ball 2-0: Called Strike 2-1: SINGLE (Line Drive, 4) Bartolo Soto to third
|
Batting: RHB Arnold Giroux
|
0-0: Called Strike 0-1: Called Strike 0-2: Ball 1-2: Ball 2-2: Strikes out swinging
|
Batting: RHB Scott Donlan
|
0-0: Called Strike 0-1: Fly out, F8 (Flyball, 78D) Runner from 3rd tags up, SCORES, no throw
|
Batting: LHB Mario Ramos
|
0-0: Ball 1-0: Ball 2-0: Fly out, F7 (Flyball, 7LS)
|
Top of the 1st over - 1 run, 2 hits, 0 errors, 1 left on base; Nashville 1 - New Amsterdam 0 |
BOTTOM OF THE 1ST |
New Amsterdam Dutchmen batting - Pitching for Nashville Outlaws : RHP Barry Rozner
|
Pitching: RHP Barry Rozner
|
|
Batting: SHB Ed Blackett
|
0-0: Called Strike 0-1: Called Strike 0-2: Ground out 1-3 (Groundball, 13)
|
Batting: LHB Carlos Campos
|
0-0: Ball 1-0: Foul Ball, location: 2F 1-1: Called Strike 1-2: Ground out U3 (Groundball, 34)
|
Batting: LHB Ángel Ríos
|
0-0: Fly out, F7 (Flyball, 7)
|
Bottom of the 1st over - 0 runs, 0 hits, 0 errors, 0 left on base; Nashville 1 - New Amsterdam 0 |
TOP OF THE 2ND |
Nashville Outlaws batting - Pitching for New Amsterdam Dutchmen : RHP Juan Pérez
|
Batting: RHB Mariano Sánchez
|
0-0: Ball 1-0: Ground out 6-3 (Groundball, 6M)
|
Batting: RHB Tom Boyer
|
0-0: Ball 1-0: Ball 2-0: Foul Ball, location: 2F 2-1: Foul Ball, location: 2F 2-2: Foul Ball, location: 2F 2-2: Ball 3-2: Ground out 4-3 (Groundball, 4)
|
Batting: LHB Myron Rosenbalm
|
0-0: Ball 1-0: Called Strike 1-1: SINGLE (Flyball, 9S)
|
Batting: LHB Juan Caro
|
0-0: Called Strike 0-1: Ball 1-1: Reached on error, E5 (Groundball, 56) Myron Rosenbalm to third
|
Batting: LHB Bartolo Soto
|
0-0: Called Strike 0-1: Ground out U3 (Groundball, 3L)
|
Top of the 2nd over - 0 runs, 1 hit, 1 error, 2 left on base; Nashville 1 - New Amsterdam 0 |
BOTTOM OF THE 2ND |
New Amsterdam Dutchmen batting - Pitching for Nashville Outlaws : RHP Barry Rozner
|
Batting: LHB Divine Diablo
|
0-0: Ball 1-0: Foul Ball, location: 2F 1-1: Ground out 4-3 (Groundball, 4)
|
Batting: RHB Kyu-cheol Kye
|
0-0: Ball 1-0: Swinging Strike 1-1: Ball 2-1: Called Strike 2-2: Ball 3-2: Fly out, F6 (Line Drive, 6)
|
Batting: RHB Pedro Santos
|
0-0: Fly out, F3 (Popup, 3SF)
|
Bottom of the 2nd over - 0 runs, 0 hits, 0 errors, 0 left on base; Nashville 1 - New Amsterdam 0 |
TOP OF THE 3RD |
Nashville Outlaws batting - Pitching for New Amsterdam Dutchmen : RHP Juan Pérez
|
Batting: RHB Greg Schiff
|
0-0: Ball 1-0: Ball 2-0: Ball 3-0: Called Strike 3-1: SINGLE (Groundball, 5D)
|
Batting: RHB Arnold Giroux
|
0-0: Called Strike 0-1: Ball 1-1: Ball 2-1: SINGLE (Groundball, 5S) (infield hit) Greg Schiff to second
|
Batting: RHB Scott Donlan
|
0-0: Called Strike Greg Schiff steals 3rd base 0-1: Ball 1-1: Called Strike 1-2: Strikes out looking
|
Batting: LHB Mario Ramos
|
0-0: Called Strike 0-1: Fly out, F7 (Flyball, 7) Runner from 3rd tags up, SCORES, no throw
|
Batting: RHB Mariano Sánchez
|
0-0: Called Strike 0-1: Ball 1-1: Ball 2-1: Foul Ball, location: 2F 2-2: Ball 3-2: Strikes out swinging
|
Top of the 3rd over - 1 run, 2 hits, 0 errors, 1 left on base; Nashville 2 - New Amsterdam 0 |
BOTTOM OF THE 3RD |
New Amsterdam Dutchmen batting - Pitching for Nashville Outlaws : RHP Barry Rozner
|
Batting: RHB Ricardo Pulido
|
0-0: Ball 1-0: Ball 2-0: Swinging Strike 2-1: Foul Ball, location: 2F 2-2: Fly out, F7 (Line Drive, 7D)
|
Batting: RHB Armaan Ebrahim
|
0-0: Called Strike 0-1: Ball 1-1: Ball 2-1: SINGLE (Line Drive, 9S)
|
Batting: RHB Júlio Flores
|
0-0: Ball Armaan Ebrahim is caught stealing 2nd base 1-0: Swinging Strike 1-1: Ball 2-1: Foul Ball, location: 2F 2-2: Strikes out looking
|
Bottom of the 3rd over - 0 runs, 1 hit, 0 errors, 0 left on base; Nashville 2 - New Amsterdam 0 |
TOP OF THE 4TH |
Nashville Outlaws batting - Pitching for New Amsterdam Dutchmen : RHP Juan Pérez
|
Batting: RHB Tom Boyer
|
0-0: Ball 1-0: Ball 2-0: Ball 3-0: Called Strike 3-1: Base on Balls
|
Batting: LHB Myron Rosenbalm
|
0-0: Ball 1-0: Called Strike 1-1: Ball 2-1: SINGLE (Groundball, 2R) (infield hit) Tom Boyer to second
|
Batting: LHB Juan Caro
|
0-0: Ground out U3 (Groundball, 3S) Tom Boyer to third Myron Rosenbalm to second
|
Batting: LHB Bartolo Soto
|
0-0: Ground out 4-3 (Groundball, 4S) Tom Boyer scores Myron Rosenbalm to third
|
Batting: RHB Greg Schiff
|
0-0: Ball 1-0: Swinging Strike 1-1: Foul Ball, location: 2F 1-2: Ball 2-2: Ball 3-2: Foul Ball, location: 2F 3-2: Base on Balls
|
Pitching: RHP Jong-yun Chong
|
|
Batting: RHB Arnold Giroux
|
0-0: Ground out 3-1 (Groundball, 34S)
|
Top of the 4th over - 1 run, 1 hit, 0 errors, 2 left on base; Nashville 3 - New Amsterdam 0 |
BOTTOM OF THE 4TH |
New Amsterdam Dutchmen batting - Pitching for Nashville Outlaws : RHP Barry Rozner
|
Batting: SHB Ed Blackett
|
0-0: Ball 1-0: Foul Ball, location: 2F 1-1: Ball 2-1: Foul Ball, location: 2F 2-2: Strikes out swinging, 2-3 out at first.
|
Batting: LHB Carlos Campos
|
0-0: Called Strike 0-1: Fly out, F6 (Line Drive, 6)
|
Batting: LHB Ángel Ríos
|
0-0: Called Strike 0-1: Ball 1-1: Swinging Strike 1-2: Ball 2-2: Strikes out swinging
|
Bottom of the 4th over - 0 runs, 0 hits, 0 errors, 0 left on base; Nashville 3 - New Amsterdam 0 |
TOP OF THE 5TH |
Nashville Outlaws batting - Pitching for New Amsterdam Dutchmen : RHP Jong-yun Chong
|
Batting: RHB Scott Donlan
|
0-0: Ball 1-0: Called Strike 1-1: Ball 2-1: Ball 3-1: Foul Ball, location: 2F 3-2: Fly out, F8 (Flyball, 78D)
|
Batting: LHB Mario Ramos
|
0-0: Ball 1-0: Ground out 4-3 (Groundball, 4D)
|
Batting: RHB Mariano Sánchez
|
0-0: Called Strike 0-1: Ball 1-1: Foul Ball, location: 2F 1-2: Foul Ball, location: 2F 1-2: Strikes out swinging
|
Top of the 5th over - 0 runs, 0 hits, 0 errors, 0 left on base; Nashville 3 - New Amsterdam 0 |
BOTTOM OF THE 5TH |
New Amsterdam Dutchmen batting - Pitching for Nashville Outlaws : RHP Barry Rozner
|
Pitching: RHP Marcos Sarmiento
|
|
Batting: LHB Divine Diablo
|
0-0: Called Strike 0-1: Fly out, F6 (Line Drive, 6)
|
Batting: RHB Kyu-cheol Kye
|
0-0: Ball 1-0: Ball 2-0: TRIPLE (Line Drive, 78XD)
|
Batting: RHB Pedro Santos
|
0-0: Foul Ball, location: 2F 0-1: Fly out, F9 (Line Drive, 89S) Runner from 3rd tags up, SCORES, no throw
|
Batting: RHB Ricardo Pulido
|
0-0: Called Strike 0-1: Called Strike 0-2: SINGLE (Flyball, 56D)
|
Batting: RHB Armaan Ebrahim
|
0-0: Ball 1-0: Ball 2-0: Ball 3-0: Called Strike 3-1: Called Strike 3-2: Foul Ball, location: 2F 3-2: Ground out 4-3 (Groundball, 4S)
|
Bottom of the 5th over - 1 run, 2 hits, 0 errors, 1 left on base; Nashville 3 - New Amsterdam 1 |
TOP OF THE 6TH |
Nashville Outlaws batting - Pitching for New Amsterdam Dutchmen : RHP Jong-yun Chong
|
Batting: RHB Tom Boyer
|
0-0: Ball 1-0: Ball 2-0: Called Strike 2-1: Called Strike 2-2: Strikes out swinging
|
Batting: LHB Myron Rosenbalm
|
0-0: Ball 1-0: DOUBLE (Line Drive, 8LXD)
|
Batting: LHB Juan Caro
|
0-0: Ball 1-0: Called Strike 1-1: SINGLE (Groundball, 56S) (infield hit) Myron Rosenbalm to third
|
Pinch Hitting: RHB Orlando Reyes
|
0-0: Ball Juan Caro steals 2nd base 1-0: Intentional Walk
|
Batting: RHB Greg Schiff
|
0-0: TRIPLE (Flyball, 9D) Myron Rosenbalm scores Juan Caro scores Orlando Reyes scores
|
Batting: RHB Arnold Giroux
|
0-0: Fly out, F9 (Line Drive, 9D) Runner from 3rd tags up, SCORES, no throw
|
Batting: RHB Scott Donlan
|
0-0: Ball 1-0: Ball 2-0: Foul Ball, location: 2F 2-1: Ground out 4-3 (Groundball, 4)
|
Top of the 6th over - 4 runs, 3 hits, 0 errors, 0 left on base; Nashville 7 - New Amsterdam 1 |
BOTTOM OF THE 6TH |
New Amsterdam Dutchmen batting - Pitching for Nashville Outlaws : RHP Marcos Sarmiento
|
Now in RF: Orlando Reyes
|
|
Batting: RHB Júlio Flores
|
0-0: Foul Ball, location: 2F 0-1: Foul Ball, location: 2F 0-2: Ball 1-2: Ball 2-2: Ball 3-2: Strikes out looking
|
Batting: SHB Ed Blackett
|
0-0: Swinging Strike 0-1: Foul Ball, location: 2F 0-2: Foul Ball, location: 2F 0-2: Foul Ball, location: 2F 0-2: Ball 1-2: Ground out 6-3 (Groundball, 6S)
|
Batting: LHB Carlos Campos
|
0-0: Called Strike 0-1: Ball 1-1: Foul Ball, location: 2F 1-2: Ball 2-2: Ball 3-2: Foul Ball, location: 2F 3-2: Foul Ball, location: 2F 3-2: Foul Ball, location: 2F 3-2: Fly out, F8 (Flyball, 8RM)
|
Bottom of the 6th over - 0 runs, 0 hits, 0 errors, 0 left on base; Nashville 7 - New Amsterdam 1 |
TOP OF THE 7TH |
Nashville Outlaws batting - Pitching for New Amsterdam Dutchmen : RHP Jong-yun Chong
|
Pinch Hitting: LHB Bora Garasanin
|
0-0: Called Strike 0-1: Swinging Strike 0-2: Foul Ball, location: 2F 0-2: Ball 1-2: Ground out 4-3 (Groundball, 4)
|
Pitching: RHP Lorenzo Fabián
|
|
Batting: RHB Mariano Sánchez
|
0-0: Ball 1-0: Ball 2-0: Ball 3-0: Called Strike 3-1: Base on Balls
|
Batting: RHB Tom Boyer
|
0-0: Ball 1-0: Grounds into double play, 5-4-3 (Groundball, 5)
|
Top of the 7th over - 0 runs, 0 hits, 0 errors, 0 left on base; Nashville 7 - New Amsterdam 1 |
BOTTOM OF THE 7TH |
New Amsterdam Dutchmen batting - Pitching for Nashville Outlaws : RHP Marcos Sarmiento
|
Now at 1B: Bora Garasanin
|
|
Batting: LHB Ángel Ríos
|
0-0: Ball 1-0: Ball 2-0: Called Strike 2-1: Ball 3-1: Base on Balls
|
Batting: LHB Divine Diablo
|
0-0: Grounds into double play, 4-6-3 (Groundball, 4)
|
Batting: RHB Kyu-cheol Kye
|
0-0: Called Strike 0-1: Ball 1-1: Ball 2-1: Swinging Strike 2-2: Strikes out swinging
|
Bottom of the 7th over - 0 runs, 0 hits, 0 errors, 0 left on base; Nashville 7 - New Amsterdam 1 |
TOP OF THE 8TH |
Nashville Outlaws batting - Pitching for New Amsterdam Dutchmen : RHP Lorenzo Fabián
|
Batting: LHB Myron Rosenbalm
|
0-0: Ball 1-0: Fly out, F7 (Flyball, 78XD)
|
Batting: LHB Juan Caro
|
0-0: Called Strike 0-1: Swinging Strike 0-2: Strikes out looking
|
Batting: RHB Orlando Reyes
|
0-0: Ball 1-0: Ball 2-0: Foul Ball, location: 2F 2-1: Ground out 1-3 (Groundball, P)
|
Top of the 8th over - 0 runs, 0 hits, 0 errors, 0 left on base; Nashville 7 - New Amsterdam 1 |
BOTTOM OF THE 8TH |
New Amsterdam Dutchmen batting - Pitching for Nashville Outlaws : RHP Marcos Sarmiento
|
Batting: RHB Pedro Santos
|
0-0: Foul Ball, location: 2F 0-1: Ball 1-1: Reached on error, E6 (Groundball, 6S)
|
Batting: RHB Ricardo Pulido
|
0-0: Foul Ball, location: 2F 0-1: Ball 1-1: Foul Ball, location: 2F 1-2: Foul Ball, location: 2F 1-2: Ball 2-2: Foul Ball, location: 2F 2-2: Strikes out swinging
|
Pitching: RHP Joel Farrell
|
|
Batting: RHB Armaan Ebrahim
|
0-0: SINGLE (Groundball, 56D) Pedro Santos to second
|
Batting: RHB Júlio Flores
|
0-0: Ball 1-0: DOUBLE (Line Drive, 78D) Pedro Santos scores Armaan Ebrahim to third Runner from 3rd tries for Home, throw and OUT! Júlio Flores to third
|
Pinch Hitting: RHB António Martínez
|
0-0: Called Strike 0-1: Ball 1-1: SINGLE (Groundball, 5D) Júlio Flores scores
|
Pinch Hitting: LHB SaQwan Hackett
|
0-0: Ball 1-0: Ball 2-0: Fly out, F7 (Flyball, 7LS)
|
Bottom of the 8th over - 2 runs, 3 hits, 1 error, 1 left on base; Nashville 7 - New Amsterdam 3 |
TOP OF THE 9TH |
Nashville Outlaws batting - Pitching for New Amsterdam Dutchmen : RHP Lorenzo Fabián
|
Now at 3B: António Martínez
|
|
Now in CF: Heherson Inaris
|
|
Batting: RHB Greg Schiff
|
0-0: Ball 1-0: Called Strike 1-1: Foul Ball, location: 2F 1-2: Ball 2-2: Ball 3-2: Ground out U3 (Groundball, 34)
|
Batting: RHB Arnold Giroux
|
0-0: Ground out U3 (Groundball, 34)
|
Pinch Hitting: RHB Jerry Yates
|
0-0: Ball 1-0: Ground out 4-3 (Groundball, 4M)
|
Top of the 9th over - 0 runs, 0 hits, 0 errors, 0 left on base; Nashville 7 - New Amsterdam 3 |
BOTTOM OF THE 9TH |
New Amsterdam Dutchmen batting - Pitching for Nashville Outlaws : RHP Joel Farrell
|
Now at C: Jerry Yates
|
|
Pinch Hitting: RHB Bart Lewis
|
0-0: Ball 1-0: Called Strike 1-1: Ball 2-1: Ball 3-1: Foul Ball, location: 2F 3-2: Foul Ball, location: 2F 3-2: Fly out, F9 (Flyball, 9LM)
|
Pinch Hitting: LHB Dallas McMurran
|
0-0: Ground out U3 (Groundball, 3L)
|
Pinch Hitting: RHB Kyle Vandenbrink
|
0-0: Called Strike 0-1: Ball 1-1: Ball 2-1: SINGLE (Flyball, 9S)
|
Batting: RHB Pablo Ledesma
|
0-0: Ball 1-0: Ball 2-0: Called Strike 2-1: SINGLE (Flyball, 7S) Kyle Vandenbrink to second
|
Pitching: RHP Kenete Daku
|
|
Batting: RHB Ricardo Pulido
|
0-0: Ball 1-0: Ball 2-0: Swinging Strike 2-1: Swinging Strike 2-2: Ball 3-2: Base on Balls Kyle Vandenbrink to third Pablo Ledesma to second
|
Pinch Hitting: RHB Sheldon Deshotels
|
0-0: Foul Ball, location: 2F 0-1: Ball 1-1: Ball 2-1: Ball 3-1: Ground out 4-3 (Groundball, 4)
|
Bottom of the 9th over - 0 runs, 2 hits, 0 errors, 3 left on base; Nashville 7 - New Amsterdam 3 |
|